 Dungeon Crawl Stone Soup version 0.19.0 (webtiles) character file.

51 CanadianGator the Shield-Bearer (level 3, -6/26 HPs)
             Began as an Octopode Fighter on Nov 23, 2016.
             Was an Initiate of the Shining One.
             Mangled by CanadianGator's ghost (8 damage)
             ... on level 3 of the Dungeon.
             The game lasted 00:04:18 (1313 turns).

CanadianGator the Shield-Bearer (Octopode Fighter)  Turns: 1313, Time: 00:04:19

Health: -6/26      AC:  1    Str: 15    XL:     3   Next: 83%
Magic:  3/3        EV: 12    Int: 10    God:    the Shining One [......]
Gold:   131        SH:  9    Dex: 12    Spells: 0 memorised, 2 levels left

rFire  . . .     SeeInvis .       - Unarmed
rCold  . . .     Gourm    .     a - +0 shield
rNeg   . . .     Faith    .     (helmet restricted)
rPois  .         Spirit   .     (no amulet)
rElec  .         Reflect  .     (no ring)
rCorr  .         Harm     .     (no ring)
MR     .....                    (no ring)
Stlth  ++........               (no ring)
                                (no ring)
                                (no ring)
                                (no ring)
                                (no ring)

@: glowing
A: almost no armour, stealthy swim, amphibious, 8 rings, constrict 8, camouflage
1, gelatinous body 1
a: Renounce Religion


You were on level 3 of the Dungeon.
You worshipped the Shining One.
The Shining One was noncommittal.
You were very hungry.

You visited 1 branch of the dungeon, and saw 3 of its levels.

You collected 131 gold pieces.

Inventory:

Armour
 a - a +0 shield (worn)
Wands
 k - a wand of lightning (6/15)
Scrolls
 e - a scroll of fog {unknown}
 f - 2 scrolls of immolation {unknown}
 g - a scroll of enchant weapon {unknown}
 l - a scroll of noise {unknown}
Potions
 b - 2 potions of might
 h - a potion of flight {unknown}
 i - a potion of agility {unknown}
 j - a potion of curing
Comestibles
 c - 3 bread rations
 d - 3 meat rations


   Skills:
 + Level 3.2 Fighting
 * Level 3.2 Dodging
 * Level 2.6 Stealth
 * Level 3.5 Shields
 * Level 2.3 Unarmed Combat


You had 2 spell levels left.
You didn't know any spells.

Dungeon Overview and Level Annotations

Branches:
Dungeon (3/15)

Altars:
Yredelemnul
The Shining One

Annotations:
D:3 CanadianGator's ghost, weakling KoBe


Innate Abilities, Weirdness & Mutations

You cannot wear most types of armour.
You are very stealthy in the water. (Stealth+)
You are amphibious.
You can wear up to eight rings at the same time.
You can use your tentacles to constrict eight enemies at once.
Your skin changes colour to match your surroundings (Stealth+).
Your rubbery body absorbs attacks. (AC +1, EV +1)


Message History

CanadianGator's ghost is heavily damaged.
CanadianGator's ghost hits you.
* * * LOW HITPOINT WARNING * * *
You tentacle-slap CanadianGator's ghost but do no damage.
Your squeeze misses CanadianGator's ghost.
CanadianGator's ghost is heavily damaged.
CanadianGator's ghost hits you.
* * * LOW HITPOINT WARNING * * *
You closely miss CanadianGator's ghost.
Your squeeze misses CanadianGator's ghost.
CanadianGator's ghost is heavily damaged.
CanadianGator's ghost closely misses you.
You miss CanadianGator's ghost.
Your squeeze misses CanadianGator's ghost.
CanadianGator's ghost is heavily damaged.
CanadianGator's ghost closely misses you.
You tentacle-slap CanadianGator's ghost.
CanadianGator's ghost is severely damaged.
CanadianGator's ghost hits you!
You die...

######## #......#
#.####.# #.#.<#.#
########.#....#
...#....######
####.######.#.#........
........@W..>.#.#######
####.!.####...#(####
###. #......... #.
#...#.#... #. #..##.# #
#. #.....# #. #.### #.
#.. ###


You could see CanadianGator's ghost.

Vanquished Creatures
  An adder (D:2)
  A worm (D:2)
  A dart slug (D:1)
  3 leopard geckos
  A ball python (D:1)
  2 giant cockroaches
  2 goblins
  2 hobgoblins (D:2)
  3 jackals (D:2)
  3 bats
  5 frilled lizards
  5 kobolds
  4 rats
33 creatures vanquished.

Notes
Turn   | Place    | Note
-------+----------+-------------------------------------------
     0 | D:1      | CanadianGator the Octopode Fighter began the quest for the Orb.
     0 | D:1      | Reached XP level 1. HP: 16/16 MP: 1/1
   108 | D:1      | Reached skill level 1 in Stealth
   124 | D:1      | Reached XP level 2. HP: 14/21 MP: 2/2
   731 | D:2      | Reached XP level 3. HP: 25/26 MP: 3/3
  1056 | D:2      | Found a glowing golden altar of the Shining One.
  1061 | D:2      | Found a basalt altar of Yredelemnul.
  1068 | D:2      | Noticed an angel
  1078 | D:2      | Became a worshipper of the Shining One
  1293 | D:3      | Noticed CanadianGator's ghost (weakling KoBe)
  1313 | D:3      | Mangled by CanadianGator's ghost

Skill      XL: |  1  2 |
---------------+-------+-----
Stealth        | 1 2 |  2.6
Fighting       | |  3.2
Dodging        | |  3.2
Shields        | |  3.5
Unarmed Combat | |  2.3

Action                   || total
-------------------------++-------
Melee: Unarmed           ||    84
       Tentacles         ||    18
       Constrict         ||    17
       Punch             ||     1
  Use: Potion            ||     1
 Stab: Sleeping          ||     7
Armor: Skin              ||     3
Dodge: Dodged            ||    32
Block: Shield            ||    21
